 Dungeon Crawl Stone Soup version 0.29.1-1-gd02db6906a (webtiles) character file.

Game seed: 4655630260981350057

3095 Zeld the Cleaver (level 9, -2/81 HPs)
             Began as a Minotaur Berserker on Oct 9, 2022.
             Was a Priest of Trog.
             Slain by a skeletal warrior
             ... wielding the +5 rapier of Yclociw {vorpal, rElec rC++}
              (4 damage)
             ... on level 7 of the Dungeon.
             The game lasted 00:06:49 (9317 turns).

Zeld the Cleaver (Minotaur Berserker)               Turns: 9317, Time: 00:06:51

Health: -2/81      AC: 19    Str: 25    XL:     9   Next: 59%
Magic:  8/8        EV:  9    Int:  4    God:    Trog [***...]
Gold:   393        SH:  0    Dex: 11    Spells: 8/8 levels left

rFire   . . .      SeeInvis .   c - +1 whip (venom)
rCold   . . .      Faith    .   (no shield)
rNeg    . . .      Spirit   .   b - +1 plate armour
rPois   .          Reflect  .   (helmet restricted)
rElec   .          Harm     .   B - +1 cloak
rCorr   .          Rampage  .   n - +0 pair of gloves
Will    ++...                   x - +0 pair of boots
Stlth   ..........              (no amulet)
HPRegen 1.23/turn               (no ring)
MPRegen 0.11/turn               (no ring)

@: about to teleport, strong-willed, on berserk cooldown, regenerating, slowed,
very slow
A: horns 2, retaliatory headbutt
a: Renounce Religion, Berserk, Trog's Hand


You were on level 7 of the Dungeon.
You worshipped Trog.
Trog was most pleased with you.
You visited 2 branches of the dungeon, and saw 8 of its levels.
You also visited: Ossuary.

You collected 393 gold pieces.

Inventory:

Hand Weapons
 a - a +0 hand axe
 c - a +1 whip of venom (weapon)
Missiles
 e - 21 poisoned darts
 y - 9 javelins
Armour
 b - a +1 plate armour (worn)
 n - a +0 pair of gloves (worn)
 x - a +0 pair of boots (worn)
 B - a +1 cloak (worn)
Wands
 z - a wand of flame (15)
 C - a wand of polymorph (5)
 J - a wand of digging (5)
Scrolls
 d - 7 scrolls of identify
 j - 2 scrolls of vulnerability {unknown}
 l - 3 scrolls of teleportation
 m - 2 scrolls of amnesia {unknown}
 o - 3 scrolls of enchant weapon {unknown}
 q - a scroll of butterflies {unknown}
 s - 3 scrolls of enchant armour
 u - a scroll of summoning {unknown}
 F - a scroll of blinking {unknown}
 G - a scroll of noise {unknown}
 I - a scroll of magic mapping {unknown}
Potions
 f - a potion of brilliance {unknown}
 g - 2 potions of heal wounds {unknown}
 h - 3 potions of curing
 i - 4 potions of mutation {unknown}
 k - 3 potions of flight {unknown}
 p - 2 potions of attraction {unknown}
 r - a potion of resistance {unknown}
 t - 2 potions of degeneration {unknown}
 v - 2 potions of might {unknown}
 w - a potion of haste {unknown}
 A - 2 potions of cancellation {unknown}
 D - a potion of ambrosia {unknown}
 E - a potion of lignification {unknown}
 H - a potion of magic {unknown}


   Skills:
 + Level 8.1 Fighting
 * Level 10.8 Axes
 + Level 7.5 Armour
 + Level 6.9 Dodging


You had 8 spell levels left.
You didn't know any spells.
Your spell library was empty.

Dungeon Overview and Level Annotations

Branches:
Dungeon (7/15)             Temple (1/1) D:4         Ossuary (visited)

Altars:
Ashenzari
Dithmenos
Elyvilon
Fedhas
Gozag
Hepliaklqana
Kikubaaqudgha
Nemelex Xobeh
Okawaru
Qazlal
Ru
Sif Muna
Trog
Uskayaw
Vehumet
Wu Jian
Xom
Zin
The Shining One

Annotations:
D:7 3 runed translucent doors


Innate Abilities, Weirdness & Mutations

You have a pair of horns on your head.
You reflexively headbutt those who attack you in melee.


Message History

The skeletal warrior hits your ogre with the +5 rapier of Yclociw {vorpal, rElec rC++}!!
Your ogre barely misses the skeletal warrior.
You can no longer call in reinforcements.
Okay, then.
Unknown command.
Your skin crawls.
You feel strong-willed.
Your ogre barely misses the skeletal warrior.
The skeletal warrior hits your ogre with the +5 rapier of Yclociw {vorpal, rElec rC++}!
The howler monkey hoots and howls with incredible vigour!
The skeletal warrior hits your ogre with the +5 rapier of Yclociw {vorpal, rElec rC++}!
Your ogre dies!
Your ogre's corpse disappears in a puff of smoke!
Unknown command.
Unknown command.
Okay, then.
Okay, then.
Okay, then.
As you read the scroll labelled BIEDAU ELO VEO, it crumbles to dust.
It is a scroll of enchant armour.
Your +0 plate armour glows green for a moment.
As you read the scroll labelled NIARIN JUAT, it crumbles to dust.
It is a scroll of identify.
l - 4 scrolls of teleportation The skeletal warrior hits you with the +5 rapier of Yclociw {vorpal, rElec rC++}.
* * * LOW HITPOINT WARNING * * *
x2 The skeletal warrior hits you with the +5 rapier of Yclociw {vorpal, rElec rC++}.
* * * LOW HITPOINT WARNING * * *
x2
As you read the scroll of teleportation, it crumbles to dust.
You feel strangely unstable.
The howler monkey hoots and howls with incredible vigour!
The skeletal warrior closely misses you.
You hear an angry hiss.
You hear a bark!
Unknown command.
The skeletal warrior attacks as you move away!
The skeletal warrior hits you with the +5 rapier of Yclociw {vorpal, rElec rC++}.
* * * LOW HITPOINT WARNING * * *
x2 The howler monkey hoots and howls with incredible vigour!
The skeletal warrior hits you with the +5 rapier of Yclociw {vorpal, rElec rC++}.
You die...

.#.# ##..#.##).##.#.#.## #..#.#
.#.# #...##...##.......#...##.#
.#.# #.#..#...##.##.##.##.# #.#
.#.#####.##.##T##..##.##..#.. #.#
.#.#.....##..#h##.........##. #.#
.#...........#'#'#######'#'#.##.#
.........#.#.##o).......##.#..#.#
#####...(#.#..#z##.#######.##...#
#.##.#.#..##@#.....# #.##....
####.#'#...#.##....###.###.##
#.....#.##.#..[####+###..#
#........#.##))###YhY###.#
#........##.#(####YhK###..
#.........#.######TSh####.
#....#.##.##.###.+5Qy+.##.
#..........#.##.#######.#.
#.#.####.#.#'#'#########'.


You could see a skeletal warrior, a troll, an orc warrior and a howler monkey
(catching breath).

Vanquished Creatures
  A slime creature (D:7)
  A steam dragon (D:7)
  2 acid dragons (D:7)
  2 water moccasins
  Duvessa (D:7)
  3 ice beasts (D:7)
  2 ogres (D:5)
  2 centaurs
  2 phantoms
  A bullfrog (D:4)
  2 necrophages
  2 scorpions (D:5)
  4 wights (D:6)
  Dowan (D:7)
  5 hounds
  2 jellies
  2 orc priests (D:7)
  2 gnoll boudas
  6 iguanas
  2 orc wizards (D:7)
  12 mummies (Ossuary)
  9 gnolls
  9 adders
  A shadow imp (D:5)
  2 white imps (D:5)
  An ufetubus (D:5)
  2 worms
  3 dart slugs
  8 orcs
  7 ball pythons
  8 endoplasms
  2 giant cockroaches
  8 hobgoblins
  2 jackals (D:2)
  4 kobolds
  5 quokkas
  4 bats
  8 frilled lizards
  3 gnoll skeletons (Ossuary)
  4 goblins
  2 goblin skeletons (Ossuary)
  2 kobold skeletons (Ossuary)
  An orc skeleton (Ossuary)
  3 rats
  11 rat skeletons (Ossuary)
166 creatures vanquished.

Vanquished Creatures (others)
  2 fungi (D:4)
  4 toadstools (D:4)
6 creatures vanquished.

Grand Total: 172 creatures vanquished

Notes
Turn   | Place    | Note
-------+----------+-------------------------------------------
     0 | D:1      | Zeld the Minotaur Berserker began the quest for the Orb.
     0 | D:1      | Reached XP level 1. HP: 19/19 MP: 0/0
   110 | D:1      | Reached XP level 2. HP: 12/27 MP: 1/1
   118 | D:1      | Reached skill level 4 in Axes
  1025 | D:2      | Reached XP level 3. HP: 25/33 MP: 2/2
  1101 | D:2      | Found a faded altar of an unknown god.
  1281 | D:2      | Reached ** piety under Trog
  1838 | D:3      | Reached XP level 4. HP: 31/40 MP: 3/3
  2195 | D:3      | HP: 2/41 [poisoned by a kobold]
  3105 | D:4      | Found a sparkling altar of Nemelex Xobeh.
  3114 | D:4      | Reached skill level 5 in Axes
  3307 | D:4      | Found a staircase to the Ecumenical Temple.
  3383 | Temple   | Entered the Ecumenical Temple
  3602 | D:4      | Noticed a phantom
  3614 | D:4      | Killed a phantom
  3615 | D:4      | Reached XP level 5. HP: 32/47 MP: 4/4
  4452 | D:4      | Reached XP level 6. HP: 47/55 MP: 5/5
  4542 | D:4      | Reached skill level 5 in Fighting
  4542 | D:4      | Reached skill level 6 in Axes
  4722 | D:5      | Entered Level 5 of the Dungeon
  4777 | D:5      | Reached *** piety under Trog
  5520 | D:4      | Reached XP level 7. HP: 61/61 MP: 6/6
  5585 | D:5      | Reached skill level 7 in Axes
  5590 | D:5      | Identified the +7 falchion "Hibuog" {antimagic, rN+}
  5834 | D:5      | Reached skill level 5 in Armour
  6222 | D:5      | Reached skill level 8 in Axes
  6222 | D:5      | Reached skill level 5 in Dodging
  6222 | D:5      | Reached XP level 8. HP: 66/70 MP: 7/7
  6772 | D:6      | Found a shimmering altar of Xom.
  7014 | D:6      | Found a glowing silver altar of Zin.
  7014 | D:6      | Found a stormy altar of Qazlal.
  7014 | D:6      | Found an opulent altar of Gozag.
  7186 | D:6      | Reached skill level 9 in Axes
  7291 | D:6      | Found a sand-covered staircase.
  7299 | Ossuary  | Entered an ossuary
  7381 | Ossuary  | Reached **** piety under Trog
  8159 | D:6      | Found a hazy altar of Hepliaklqana.
  8451 | D:7      | Found a sacrificial altar of Ru.
  8621 | D:7      | Found a runed translucent door.
  8621 | D:7      | Noticed a tengu conjurer
  8622 | D:7      | Found a runed translucent door.
  8623 | D:7      | Found a runed translucent door.
  8623 | D:7      | Noticed a troll
  8623 | D:7      | Noticed a kobold demonologist
  8644 | D:7      | Reached XP level 9. HP: 74/79 MP: 8/8
  8670 | D:7      | Found a blossoming altar of Fedhas.
  9108 | D:7      | Noticed Duvessa
  9108 | D:7      | Noticed Dowan
  9115 | D:7      | Killed Duvessa
  9116 | D:7      | Reached skill level 10 in Axes
  9133 | D:7      | Killed Dowan
  9284 | D:7      | Identified the +5 rapier of Yclociw {vorpal, rElec rC++}
  9284 | D:7      | Noticed a skeletal warrior
  9304 | D:7      | Noticed a troll
  9315 | D:7      | HP: 3/81 [skeletal warrior/the +5 rapier of Yclociw
                  | {vorpal, rElec rC++} (4)]
  9317 | D:7      | HP: 1/81 [skeletal warrior/the +5 rapier of Yclociw
                  | {vorpal, rElec rC++} (1)]
  9317 | D:7      | Slain by a skeletal warrior

Illustrated notes

Levels and vault maps discovered:
D:1:      dpeg_arrival_snail, layout_basic
D:2:      layout_basic, hellmonk_ecumenical_altar_blasted, minivault_19
D:3:      layout_rooms
D:4:      layout_gridville, nemelex_dance_club_becter,
          minmay_temple_entry_poolview, minmay_gold_behind_fungi
D:5:      layout_gridville, minmay_circle_x
D:6:      layout_loops_ring, mainiacjoe_overflow_catwalk,
          chequers_temple_overflow_statue_of_worship,
          worldfamousw_hep_ancestral_shrine, chequers_ossuary_entry_cave
D:7:      minmay_the_grid_triangle_9x9_rhombus_thin
          [minmay_the_grid_triangle_9x9_descending_squares,
          minmay_the_grid_triangle_9x9_prize_schism,
          minmay_the_grid_triangle_9x9_fully_insulated_deathbox,
          minmay_the_grid_triangle_9x9_cache], layout_basic, fedhas_altar_2,
          nicolae_ru_path_of_blood, uniq_duvessa
Temple:   bh_familiar_temple

Skill      XL: |  1  2  3  4  5  6  7  8  9 |
---------------+----------------------------+-----
Axes           | 4 5 6 8 9 10 | 10.8
Fighting       | 4 5 6 7 8 |  8.1
Armour         | 3 4 5 6 7 |  7.5
Dodging        | 3 4 5 6 |  6.9

Action                   |  1- 3 |  4- 6 |  7- 9 || total
-------------------------+-------+-------+-------++-------
Melee: Whip              |    86 |   104 |   322 ||   512
       Headbutt          |    12 |    14 |    76 ||   102
       Punch             |     1 |     1 |    11 ||    13
Invok: Berserk           |       |     1 |     3 ||     4
       Brothers in Arms  |       |       |     2 ||     2
       Trog's Hand       |       |       |     1 ||     1
  Use: Scroll            |       |       |     3 ||     3
 Stab: Sleeping          |     1 |     1 |     2 ||     4
Armor: Animal skin       |    19 |    12 |    48 ||    79
       Plate armour      |       |       |    23 ||    23
Dodge: Dodged            |    67 |    50 |   141 ||   258
